 Dungeon Crawl Stone Soup version 0.32-a0-290-g598725c5f2 (webtiles) character file.

Game seed: 12985279642774834678

17161 jasper the Severer (level 12, 0/88 HPs)
             Began as a Mountain Dwarf Fighter on Feb 13, 2024.
             Was an Initiate of Gozag.
             Succumbed to Sonja's curare-tipped dart
             ... on level 1 of the Lair of Beasts.
             The game lasted 00:21:42 (14821 turns).

jasper the Severer (Mountain Dwarf Fighter)        Turns: 14821, Time: 00:21:43

Health: 0/88       AC: 20    Str: 22 (23) XL:     12   Next: 16%
Magic:  12/12      EV:  7    Int:  8 (10) God:    Gozag
Gold:   323        SH:  0    Dex:  8 (9)  Spells: 11/11 levels left

rFire   . . .        A - +2 battleaxe
rCold   . . .        (shield currently unavailable)
rNeg    . . .        t - +0 plate armour
rPois   .            M - +2 helmet {SInv}
rElec   .            (no cloak)
rCorr   .            j - +0 pair of gloves
SInv    +            (no boots)
Will    ++...        u - amulet of the acrobat Stlth
                     k - ring of wizardry
HPRegen 0.34/turn    s - ring of willpower
MPRegen 0.13/turn

%: acrobat, wizardry (x1)
@: brilliant, lethally poisoned (0 -> -14), hasted and slowed, studying Hexes
A: runic magic, artefact enchanting, frail 2
a: Renounce Religion, Potion Petition, Call Merchant, Bribe Branch


You were on level 1 of the Lair of Beasts.
You worshipped Gozag.
Gozag was aware of your devotion.
You visited 2 branches of the dungeon, and saw 12 of its levels.
You also visited: Bailey.

You collected 2903 gold pieces.
You spent 731 gold pieces at shops.
You paid 1849 gold pieces to Gozag.

Inventory:

Hand Weapons
 a - a +0 war axe
 h - a +2 heavy war axe
 p - a +0 flail
 q - a +4 hand axe of flaming
 z - a +0 battleaxe
 A - a +2 battleaxe (weapon)
Missiles
 e - 4 throwing nets
 f - 70 stones
 i - 11 boomerangs (quivered)
 m - a curare-tipped dart
 r - 2 atropa-tipped darts
Armour
 b - a +0 scale mail
 c - a +0 buckler
 d - the +1 hat "Orajoef" {rN++}
   (You bought it in a shop on level 6 of the Dungeon)

   rN++:      It greatly protects you from negative energy.
 j - a +0 pair of gloves (worn)
 l - a +0 pair of gloves
 t - a +0 plate armour (worn)
 M - a +2 helmet of see invisible (worn)
Jewellery
 k - a ring of wizardry (left hand)
 s - a ring of willpower (right hand)
 u - an amulet of the acrobat (around neck)
 B - the ring of Due Proportion {rC+ AC+4}
   (You took it off a gnoll in a bailey)

   [ring of protection]

   AC+4:      It affects your AC (+4).
   rC+:       It protects you from cold.
 G - a ring of ice
Wands
 w - a wand of polymorph (3)
 E - a wand of flame (7)
 N - a wand of digging (6)
Scrolls
 n - 2 scrolls of blinking
 x - 2 scrolls of fear
 y - 2 scrolls of fog
 C - a scroll of poison
 F - 2 scrolls of vulnerability
 H - 3 scrolls of teleportation
 L - a scroll of revelation
Potions
 g - a potion of magic
 o - a potion of ambrosia
 v - 3 potions of attraction
 I - a potion of lignification
Miscellaneous
 D - a phial of floods


   Skills:
 + Level 11.4 Fighting
 * Level 16.9 Axes
 + Level 11.4 Armour
 - Level 3.2 Shields


You had 11 spell levels left.
You didn't know any spells.
Your spell library contained the following spells:

 Spells                   Type           Power      Damage    Failure   Level
 Kiss of Death            Conj/Necr      0%         2d5       32%         1
 Sting                    Conj/Alch      0%         1d3       32%         1
 Mercury Vapours          Alch/Air       0%         N/A       43%         2
 Confusing Touch          Hex            0%         N/A       65%         3
 Ozocubu's Armour         Ice            0%         N/A       65%         3
 Dispel Undead            Necr           0%         3d6       95%         4
 Olgreb's Toxic Radiance  Alch           0%         N/A       95%         4
 Metabolic Englaciation   Hex/Ice        0%         N/A       100%        5
 Sculpt Simulacrum        Ice/Alch       0%         N/A       100%        6


Dungeon Overview and Level Annotations

Branches:
Dungeon (11/15)            Temple (0/1) D:4            Lair (1/5) D:10
 Bailey (visited)
    Orc: D:9-12

Altars:
Gozag
Okawaru
Ru
Xom

Shops:
D:1 [:(?   D:2 (   D:6 *   D:10 ?

Annotations:
D:7 3 runed translucent doors, Ceno's ghost, novice VSEE; Gryn's ghost, novice MfGl; Scrimshaw's ghost, novice OpSh; Splishie's ghost, novice DrSh
Lair:1 Sonja


Innate Abilities, Weirdness & Mutations

Your spellcasting is much less encumbered by armour.
You can use scrolls of enchantment on lesser artefacts.
You are very frail. (-20% HP)


Message History

Unknown command.
* * * LOW HITPOINT WARNING * * *
You feel very sick.
* * * LOW HITPOINT WARNING * * *
You feel very sick.
You see here 5 gold pieces.
You take 1 damage, and have 4/88 hp.
* * * LOW HITPOINT WARNING * * *
You feel very sick.
You bump into the rock wall.
* * * LOW HITPOINT WARNING * * *
You feel sick.
Sonja shouts, "Hah!
Missed me again!"
You regained 2 hp, and now have 6/88 hp.
You bump into the rock wall.
* * * LOW HITPOINT WARNING * * *
You feel sick.
Sonja throws a curare-tipped dart.
The curare-tipped dart hits you.
You are more poisoned.
You have difficulty breathing.
* * * LOW HITPOINT WARNING * * *
You feel yourself slow down.
You take 3 damage, and have 3/88 hp.
You feel less invigorated.
You feel less confused.
* * * LOW HITPOINT WARNING * * *
You feel very sick.
You take 1 damage, and have 2/88 hp.
Okay, then.
Aiming: Polymorph
Press: ? - help, Shift-Dir - straight line, f - Sonja
Aim: Sonja, wielding a +0 short sword of venom and quivering curare-tipped darts (moderately wounded, will become an ogre, an ice beast, or a guardian serpent, chance to affect: 57%)
Okay, then.
Unknown command.
Throw: 5 throwing nets
Press: ? - help, Shift-Dir - straight line, f - Sonja
Aim: Sonja, wielding a +0 short sword of venom and quivering curare-tipped darts (moderately wounded, 2% to hit)
You throw a throwing net. The throwing net misses Sonja.
You die...
Your body crumbles into a pile of gold.

## ##.#
#...#
#....##
#....##
#...?##
#..$.#
#.$.#
##@.#
###..#
#..K.#
#....#
##..##
#...#
#...##
##.(..#
#....##


You could see Sonja.

Vanquished Creatures
  A centaur warrior (D:8)
  2 boulder beetles
  4 death yaks (D:10)
  2 two-headed ogres
  A cyclops (D:11)
  A manticore (D:8)
  A gargoyle (D:11)
  A black mamba (D:10)
  An unseen horror (D:10)
  A kobold demonologist (D:8)
  2 komodo dragons
  A queen bee (D:6)
  A troll (D:10)
  A hornet (D:10)
  Sigmund (D:5)
  A wyvern (D:8)
  13 yaks
  2 wraiths
  A shadow (D:11)
  A fire bat (D:9)
  A steam dragon (D:8)
  Grum (Bailey)
  2 acid dragons (D:10)
  2 water moccasins
  2 sky beasts
  A black bear (D:5)
  5 orc warriors
  An ogre (D:6)
  A tengu (D:9)
  5 wolves (Bailey)
  7 centaurs
  A phantom (D:4)
  3 kobold brigands (D:8)
  4 bullfrogs
  2 scorpions (D:6)
  7 gnoll sergeants (Bailey)
  12 wights
  9 killer bees
  3 howler monkeys
  4 hounds
  2 jellies (D:6)
  7 gnoll boudas
  3 orc priests
  Jessica (D:2)
  A sleepcap (D:6)
  5 iguanas
  9 orc wizards
  11 gnolls (Bailey)
  7 adders
  2 shadow imps (D:7)
  2 white imps (D:7)
  6 ufetubi
  3 dart slugs
  A ribbon worm (D:2)
  38 orcs
  8 endoplasms
  3 giant cockroaches
  15 goblins
  5 hobgoblins
  8 jackals
  6 quokkas
  8 ball pythons
  10 bats
  3 frilled lizards
  10 kobolds
  12 rats
298 creatures vanquished.

Vanquished Creatures (collateral kills)
  A kobold brigand (D:8)
  A kobold (D:8)
2 creatures vanquished.

Vanquished Creatures (others)
  An orc warrior (D:9)
  A centaur (D:9)
  A kobold brigand (D:9)
  A gnoll sergeant (D:9)
  An orc wizard (D:9)
5 creatures vanquished.

Grand Total: 305 creatures vanquished

Notes
Turn   | Place    | Note
-------+----------+-------------------------------------------
     0 | D:1      | jasper the Mountain Dwarf Fighter began the quest for the
                  | Orb.
     0 | D:1      | Reached XP level 1. HP: 19/19 MP: 1/1
    50 | D:1      | Reached skill level 3 in Axes
    56 | D:1      | Reached XP level 2. HP: 24/26 MP: 2/2
   125 | D:1      | Reached skill level 4 in Axes
   132 | D:1      | Reached XP level 3. HP: 31/31 MP: 3/3
   243 | D:1      | Found Keag's Antique Weapon Emporium.
   285 | D:1      | Found Uliule's Armour Shoppe.
   320 | D:1      | Found Cimoept's Book Shoppe.
   351 | D:1      | Found Caciel's Magic Scroll Shop.
   491 | D:2      | Found a faded altar of an unknown god.
   494 | D:2      | Prayed at the altar of an unknown god.
   494 | D:2      | Became a worshipper of Gozag Ym Sagoz the Greedy
   576 | D:2      | Reached skill level 5 in Axes
   703 | D:2      | Reached XP level 4. HP: 33/38 MP: 4/4
  1045 | D:2      | Found Zijus's Weapon Shoppe.
  1223 | D:2      | Noticed Jessica
  1228 | D:2      | Killed Jessica
  1229 | D:2      | Reached skill level 6 in Axes
  1950 | D:1      | Bought a glowing war axe for 195 gold pieces
  2020 | D:3      | Reached XP level 5. HP: 40/45 MP: 5/5
  2561 | D:3      | Reached skill level 7 in Axes
  3360 | D:4      | Found a staircase to the Ecumenical Temple.
  3979 | D:4      | Reached XP level 6. HP: 49/51 MP: 6/6
  4053 | D:4      | Reached skill level 8 in Axes
  4253 | D:5      | Entered Level 5 of the Dungeon
  4322 | D:5      | Noticed Sigmund
  4333 | D:5      | Killed Sigmund
  4334 | D:5      | Reached skill level 9 in Axes
  4334 | D:5      | Reached XP level 7. HP: 46/57 MP: 7/7
  4609 | D:5      | Reached skill level 10 in Axes
  5028 | D:6      | Noticed Jeremiah
  5328 | D:6      | Jeremiah changed into Jeremiah the queen bee
  5328 | D:6      | Noticed Jeremiah
  5442 | D:6      | Killed Jeremiah the queen bee
  5443 | D:6      | Reached XP level 8. HP: 66/66 MP: 8/8
  5596 | D:6      | Reached skill level 11 in Axes
  5850 | D:6      | Found Jiotipa's Assorted Antiques.
  5856 | D:6      | Bought a faintly humming hat for 207 gold pieces
  5856 | D:6      | Identified the +1 hat "Orajoef" {rN++} (You bought it in a
                  | shop on level 6 of the Dungeon)
  5856 | D:6      | Bought a scroll of blinking for 172 gold pieces
  6027 | D:6      | Reached skill level 5 in Fighting
  6027 | D:6      | Reached skill level 5 in Armour
  6420 | D:7      | Reached skill level 12 in Axes
  6885 | D:7      | Reached XP level 9. HP: 60/74 MP: 9/9
  7222 | D:7      | Found a runed translucent gate.
  7222 | D:7      | Found a runed translucent gate.
  7222 | D:7      | Found a runed translucent gate.
  7224 | D:7      | Noticed Scrimshaw's ghost (novice OpSh)
  7224 | D:7      | Noticed Splishie's ghost (novice DrSh)
  7225 | D:7      | Noticed Gryn's ghost (novice MfGl)
  7225 | D:7      | Noticed Ceno's ghost (novice VSEE)
  7477 | D:8      | Noticed a kobold demonologist
  7486 | D:7      | Reached skill level 13 in Axes
  7888 | D:8      | Noticed a manticore
  7897 | D:8      | Killed a manticore
  7898 | D:8      | Reached skill level 14 in Axes
  7916 | D:8      | Killed a kobold demonologist
  7959 | D:8      | Noticed a centaur warrior
  7976 | D:8      | Killed a centaur warrior
  7976 | D:8      | Noticed a komodo dragon
  7977 | D:8      | Reached XP level 10. HP: 48/86 MP: 10/10
  8612 | D:9      | Reached skill level 15 in Axes
  8731 | D:9      | Paralysed by a hornet for 1 turns
  9015 | D:9      | Found an iron altar of Okawaru.
  9046 | D:9      | Identified the +5 ring mail of Kikubaaqudgha's Fury {rF+
                  | SInv}
  9163 | D:9      | Found a shimmering altar of Xom.
  9364 | D:9      | Noticed a two-headed ogre
  9369 | D:9      | Killed a two-headed ogre
  9733 | D:10     | Entered Level 10 of the Dungeon
 10218 | D:10     | Reached skill level 16 in Axes
 10224 | D:10     | Found a flagged portal.
 10363 | Bailey   | Entered a bailey
 10462 | Bailey   | Reached XP level 11. HP: 61/95 MP: 11/11
 10631 | Bailey   | Noticed Grum
 10936 | Bailey   | Killed Grum
 11401 | Bailey   | Identified the ring of Due Proportion {rC+ AC+4}
 11492 | Bailey   | Identified the +1 robe "Batz" {rN+ Str+3}
 11572 | D:10     | Found Taucesheit's Magic Scroll Boutique.
 11616 | D:10     | Bought a scroll of teleportation for 45 gold pieces
 11616 | D:10     | Bought a scroll of revelation for 112 gold pieces
 11873 | D:10     | Noticed a boulder beetle
 11904 | D:10     | Killed a boulder beetle
 12194 | D:10     | Found a staircase to the Lair.
 12249 | D:10     | Found a sacrificial altar of Ru.
 12906 | D:11     | Reached skill level 10 in Fighting
 12906 | D:11     | Reached skill level 10 in Armour
 13417 | D:11     | Noticed a two-headed ogre
 13430 | D:11     | Killed a two-headed ogre
 13927 | D:11     | Noticed a boulder beetle
 13944 | D:11     | Killed a boulder beetle
 14252 | Lair:1   | Entered Level 1 of the Lair of Beasts
 14259 | Lair:1   | Noticed a death yak
 14259 | Lair:1   | Noticed a death yak
 14260 | Lair:1   | Noticed a death yak
 14262 | Lair:1   | Noticed a death yak
 14440 | D:10     | Killed a death yak
 14440 | D:10     | Killed a death yak
 14441 | D:10     | Reached XP level 12. HP: 52/110 MP: 12/12
 14446 | D:10     | Killed a death yak
 14449 | D:10     | Killed a death yak
 14793 | Lair:1   | Noticed Sonja
 14812 | Lair:1   | Gained mutation: You are frail. (-10% HP) [potion of
                  | mutation]
 14812 | Lair:1   | Gained mutation: You are very frail. (-20% HP) [potion of
                  | mutation]
 14814 | Lair:1   | HP: 4/88 [poisoned by Sonja]
 14819 | Lair:1   | HP: 3/88 [asphyx]
 14821 | Lair:1   | Succumbed to Sonja's curare-tipped dart

Illustrated notes

Levels and vault maps discovered:
D:1:      lemuel_arrival_broad_hall, layout_rooms, serial_shops,
          nicolae_square_shop, shop, nicolae_shop_statue_plus, shop
D:2:      layout_loops_corners, nicolae_ecumenical_oubliette, serial_shops,
          shop_fountains, corexii_shack, minivault_4, st_stairs_4, uniq_jessica
D:3:      layout_basic, kennysheep_generic_room_7
D:4:      layout_loops_ring, temple_statues, grunt_ministairs_8
D:5:      layout_loops_ring, uniq_sigmund
D:6:      layout_rooms, serial_shops, nicolae_square_shop,
          minmay_fractal_squares_5, uniq_jeremiah
D:7:      layout_loops_ring, gammafunk_ghost_cemetery, hangedman_minor_gate_pass
D:8:      layout_rooms, minmay_manual_monolith
D:9:      layout_basic, okawaru_trees_2, xom_confusion_cloud, minmay_door_square
D:10:     layout_small_grid, nicolae_ru_path_of_blood, lair_entry_dummy,
          serial_shops, nicolae_shop_peninsula, enter_bailey_3,
          kennysheep_just_a_vault
D:11:     minmay_weird_star, layout_gridville
Lair:1:   layout_concentric_octagons, serial_bayou_shore_b, uniq_gastronok,
          uniq_sonja

Skill      XL: |  1  2  3  4  5  6  7  8  9 10 11 |
---------------+----------------------------------+-----
Axes           | 3 4 5 6 7 9 10 12 14 16 | 16.9
Fighting       | 4 5 7 8 11 | 11.4
Armour         | 4 5 7 8 11 | 11.4
Shields        | |  3.2

Action                     |  1- 3 |  4- 6 |  7- 9 | 10-12 || total
---------------------------+-------+-------+-------+-------++-------
  Melee: War axe           |    70 |   147 |   138 |       ||   355
         Hand axe          |       |    52 |    13 |       ||    65
         Battleaxe         |       |       |   144 |   399 ||   543
  Throw: Stone             |       |     1 |       |       ||     1
         Boomerang         |       |     5 |       |     5 ||    10
         Dart              |       |       |     1 |    11 ||    12
         Throwing net      |       |       |       |     1 ||     1
 Invoke: Potion Petition   |       |       |       |     3 ||     3
  Evoke: Wand              |       |       |     2 |    14 ||    16
         Phial of floods   |       |       |       |     1 ||     1
    Use: Scroll            |     5 |    11 |     5 |     4 ||    25
         Potion            |       |     2 |     6 |     9 ||    17
   Stab: Distracted        |       |       |     4 |     3 ||     7
         Fleeing           |       |       |       |     1 ||     1
 Armour: Scale mail        |    68 |   103 |       |       ||   171
         Plate armour      |       |    26 |   295 |   552 ||   873
         Skin              |       |       |     6 |    24 ||    30
  Dodge: Dodged            |    53 |    69 |   143 |   297 ||   562
  Block: Buckler           |    17 |    28 |    24 |       ||    69

Table legend: (Time is in decaauts)
 A = Elapsed time spent in this place.
 B = Non-inter-level travel time spent in this place.
 C = Inter-level travel time spent in this place.
 D = Time resting spent in this place.
 E = Time spent auto-exploring this place.
 F = Levels seen in this place.
 G = Mean time per level.
                   A        B        C        D        E       F      G
               +--------+--------+--------+--------+--------+-----+--------+
         Total |  14861 |  14386 |    475 |   3651 |   7828 |  13 | 1143.2 |
       Dungeon |  13585 |  13110 |    475 |   3078 |   7496 |  11 | 1235.0 |
          Lair |    125 |    125 |      0 |      0 |     67 |   1 |  125.0 |
        Bailey |   1151 |   1151 |      0 |    573 |    265 |   1 | 1151.0 |
               +--------+--------+--------+--------+--------+-----+--------+

Top non-repeatable levels by time:
    D:10: 2352 daAuts
     D:2: 1447 daAuts
    D:11: 1421 daAuts
     D:7: 1250 daAuts
     D:4: 1195 daAuts
  Bailey: 1151 daAuts
     D:9: 1134 daAuts
     D:3: 1116 daAuts
     D:5: 1071 daAuts
     D:6: 1046 daAuts
     D:8: 989 daAuts
     D:1: 559 daAuts
  Lair:1: 125 daAuts
